 Dungeon Crawl Stone Soup version 0.19-a0-1218-gcd7aee6 (webtiles) character file.

437 MackTheKnife the Chiller (level 6, 0/41 HPs)
             Began as a Demonspawn Ice Elementalist on Aug 23, 2016.
             Slain by a gnoll
             ... wielding a +0 halberd
              (19 damage)
             ... on level 4 of the Dungeon on Aug 24, 2016.
             The game lasted 00:16:50 (4831 turns).

MackTheKnife the Chiller (DsIE)                     Turns: 4831, Time: 00:16:50

Health: 0/41       AC:  3    Str: 10    XL:     6   Next: 69%
Magic:  3/13       EV: 12    Int: 24    God:
Gold:   219        SH:  0    Dex: 14    Spells: 3 memorised, 7 levels left

rFire  . . .     SeeInvis .     l - +1 mace (drain)
rCold  + . .     Gourm    .     a - +1 robe "Tuataf" {rElec MR+ Str+2 Stlth-}
rNeg   . . .     Faith    .     (no shield)
rPois  .         Spirit   .     (helmet restricted)
rElec  +         Dismiss  .     (no cloak)
rCorr  .         Reflect  .     (no gloves)
MR     +....     Harm     .     (no boots)
Stlth  +......... Rnd*Tele +    (no amulet)
                                i - +6 ring of intelligence
                                n - ring of teleportation (curse) {+/*tele, !d}

@: no status effects
A: antennae 1, claws 1, cold resistance 1, freezing cloud immunity
a: no special abilities


You were on level 4 of the Dungeon.
You were near starving.

You visited 1 branch of the dungeon, and saw 4 of its levels.
You also visited: Sewer.

You collected 219 gold pieces.

Inventory:

Hand Weapons
 l - a +1 mace of draining (weapon)
   (You took it off an orc on level 3 of the Dungeon)
Armour
 a - the +1 robe "Tuataf" (worn) {rElec MR+ Str+2 Stlth-}
   (You found it on level 4 of the Dungeon)

   It affects your strength (+2).
   It insulates you from electricity.
   It affects your resistance to hostile enchantments.
   It makes you less stealthy.
Jewellery
 i - a +6 ring of intelligence (right claw)
   (You found it on level 4 of the Dungeon)
 n - a cursed ring of teleportation (left claw) {+/*tele, !d}
   (You took it off a goblin on level 2 of the Dungeon)
Wands
 k - a wand of enslavement (8/24)
   (You found it on level 3 of the Dungeon)
Scrolls
 h - a scroll of enchant armour
 m - 5 scrolls of recharging
 o - a scroll of teleportation
Potions
 d - 2 potions of curing
 e - a potion of brilliance {unknown}
 j - a potion of magic {unknown}
 q - 6 potions of flight
Books
 b - a book of Frost
Comestibles
 c - 4 bread rations {@e1}
 f - a meat ration {@e2}
 g - a slice of pizza


   Skills:
 - Level 1.7 Dodging
 - Level 1.7 Stealth
 + Level 4.8 Spellcasting
 - Level 1.0 Conjurations
 + Level 0.8 Summonings
 + Level 5.2 Ice Magic


You had 7 spell levels left.
You knew the following spells:

 Your Spells              Type           Power        Failure   Level  Hunger
a - Summon Ice Beast      Ice/Summ       ###.....     28%         4    ####...
x - Throw Frost           Conj/Ice       ###...       4%          2    None
z - Freeze                Ice            ####         1%          1    None


Dungeon Overview and Level Annotations

Branches:
Dungeon (4/15)
 Temple: D:4-7

Altars:
Qazlal
Ru
Uskayaw

Annotations:
D:4 CInkIbrahim's ghost, novice OpGl


Innate Abilities, Weirdness & Mutations

You have a pair of small antennae on your head.
You have sharp fingernails.
Your flesh is cold resistant. (rC+)
You are immune to freezing clouds.


Message History

You closely miss the adder.
Something misses the adder.
The adder barely misses you.
Something barely misses the adder.
The adder bites you.
You are poisoned.
The adder poisons you!
The giant newt barely misses something.
You take 2 damage, and have 39/41 hp.
You feel sick.
Your jackal misses the adder. The adder bites you but does no damage.
The giant newt bites your jackal.
Your jackal dies!
You take 1 damage, and have 38/41 hp.
The adder closely misses you. x2
Unknown command.
Aim: an adder (chance to defeat MR: 54%)
The adder is charmed.
Evoking this partially-identified wand wasted a few charges.
You feel sick.
The giant newt bites your adder but does no damage.
You take 1 damage, and have 38/41 hp.
Unknown command.
Here: CInkIbrahim's ghost The floor.
What are your orders? t - Shout!
Orders for allies: a - Attack new target. p - Attack previous target. r - Retreat! s - Stop attacking. g - Guard the area. f - Follow me.
Anything else - Cancel.
Gang up on whom?
Aim: a giant newt Attack!
Your adder bites the giant newt.
The giant newt closely misses your adder.
MP restored: 13 Unknown command.
Your adder bites the giant newt.
The giant newt dies!
CInkIbrahim's ghost hits your adder.
Your adder bites CInkIbrahim's ghost.
Unknown command.
You feel sick. CInkIbrahim's ghost hits your adder. Something bites your adder.
Your adder dies!
You take 1 damage, and have 37/41 hp.
Unknown command.
CInkIbrahim's ghost says, "One skewered Demonspawn, coming right up."
CInkIbrahim's ghost whispers, "There is no future for you."
You feel sick.
You are no longer poisoned.
You take 1 damage, and have 37/41 hp.
There is a stone staircase leading up here.
Things that are here:
a glowing ring mail; a +1 leather armour; a runed scale mail You climb upwards.
There is a stone staircase leading down here.
Things that are here:
8 poisoned needles; an uncursed dagger; an uncursed blowgun
Things that are here:
a stone; a poisoned needle You see here 19 sling bullets.
There is a stone staircase leading down here.
You regained 3 hp, and now have 40/41 hp.
You climb downwards.
Level annotation: CInkIbrahim's ghost, novice OpGl The gnoll shouts! x3
There is a stone staircase leading up here.
Health restored: 41 The gnoll barely misses you.
There is a stone staircase leading up here.
Aim: a gnoll The puff of frost hits the gnoll.
The gnoll barely misses you.
Unknown command.
You now have 11/13 mp.
Aim: a gnoll, wielding a vampiric whip The puff of frost hits the gnoll.
The gnoll hits you with a vampiric whip.
The gnoll draws strength from your injuries!
The gnoll closely misses you.
You take 6 damage, and have 35/41 hp.
You now have 9/13 mp.
Unknown command.
Aim: a gnoll, wielding a vampiric whip (heavily wounded)
You freeze the gnoll.
You kill the gnoll!
The gnoll closely misses you. The gnoll barely misses you.
You now have 8/13 mp.
Aim: a gnoll (severely wounded)
You freeze the gnoll.
You kill the gnoll!
The gnoll hits you from afar with a halberd!
The quokka skeleton bites you but does no damage.
You take 16 damage, and have 19/41 hp.
MASSIVE DAMAGE!!
You now have 7/13 mp.
Aim: a quokka skeleton
Okay, then.
Aim: a gnoll, wielding a halberd The puff of frost hits the gnoll.
The quokka skeleton closely misses you. The gnoll barely misses you.
You now have 5/13 mp.
Aim: a gnoll, wielding a halberd (moderately wounded)
The puff of frost hits the gnoll.
The quokka skeleton bites you but does no damage.
The gnoll hits you from afar with a halberd!!
You die...

......#.####...........#####
........#
#....≈≈≈.....##.####.#
..###..##
#...≈≈≈≈≈.....#......# .##
#...####...≈≈.≈≈..##...######
.# #.#........≈≈≈≈≈..####.#
.# #.#...#.....≈≈≈...# #.# .#
#.###.....g.......# #.# .#
#.# #####..†Z.....####.# .#
#.# #..#@.######.<.# .# ##.#
##.....# ##### .# #..#
####...... .###.########
###### .............
.###.######## .###.# .##..#
.##.##


You could see a gnoll and a quokka skeleton.

Vanquished Creatures
  The ghost of KuKumber the Ruffian, an amateur VSTm (D:3)
  A hound (D:4)
  2 orc priests (D:3)
  Jessica (D:2)
  2 orc wizards (D:3)
  2 gnolls (D:4)
  2 adders (D:3)
  A river rat (D:4)
  4 oozes
  6 worms
  2 dart slugs
  4 giant geckos
  6 orcs (D:3)
  12 bats
  4 giant cockroaches
  6 goblins
  12 hobgoblins
  8 jackals
  2 quokkas (D:2)
  5 ball pythons
  7 giant newts
  12 kobolds
  12 rats
114 creatures vanquished.

Vanquished Creatures (collateral kills)
  An adder (Sewer)
  A bat (Sewer)
  A giant newt (D:4)
3 creatures vanquished.

Vanquished Creatures (others)
  An adder (D:4)
  A jackal (D:4)
2 creatures vanquished.

Grand Total: 119 creatures vanquished

Notes
Turn   | Place    | Note
-------+----------+-------------------------------------------
     0 | D:1      | MackTheKnife the Demonspawn Ice Elementalist began the quest for the Orb.
     0 | D:1      | Reached XP level 1. HP: 13/13 MP: 3/3
   540 | D:1      | Reached skill level 3 in Ice Magic
   540 | D:1      | Gained mutation: You have sharp fingernails. [demonic ancestry]
   540 | D:1      | Reached XP level 2. HP: 19/19 MP: 5/5
   891 | D:1      | Learned a level 2 spell: Throw Frost
  1356 | D:2      | Noticed Jessica
  1385 | D:2      | Killed Jessica
  1385 | D:2      | Gained mutation: Your flesh is cold resistant. (rC+) [demonic ancestry]
  1385 | D:2      | Reached XP level 3. HP: 24/24 MP: 0/7
  1512 | D:2      | Reached skill level 3 in Spellcasting
  1657 | D:2      | Found a stormy altar of Qazlal.
  1696 | D:2      | Gained mutation: You have a pair of small antennae on your head. [demonic ancestry]
  1696 | D:2      | Reached XP level 4. HP: 21/30 MP: 8/8
  2067 | D:2      | Upgraded the game from 0.19-a0-1216-g363869b to 0.19-a0-1218-gcd7aee6
  2101 | D:3      | Noticed KuKumber's ghost (amateur VSTm)
  2471 | D:3      | Reached skill level 4 in Ice Magic
  2900 | D:3      | Gained mutation: You are immune to freezing clouds. [demonic ancestry]
  2900 | D:3      | Reached XP level 5. HP: 35/35 MP: 3/10
  3085 | D:3      | Found a sacrificial altar of Ru.
  3130 | D:3      | Killed KuKumber's ghost
  3130 | D:3      | Reached skill level 4 in Spellcasting
  3372 | D:3      | Reached XP level 6. HP: 37/41 MP: 0/12
  3587 | D:4      | Reached skill level 5 in Ice Magic
  3591 | D:4      | Got a dull robe
  3605 | D:4      | Identified the +1 robe "Tuataf" {rElec MR+ Str+2 Stlth-} (You found it on level 4 of the Dungeon)
  3677 | D:4      | Found a glowing drain.
  3833 | Sewer    | Entered a sewer
  3878 | Sewer    | Learned a level 4 spell: Summon Ice Beast
  4277 | Sewer    | HP: 9/41 [worm (9)]
  4628 | D:4      | Found a hide-covered altar of Uskayaw.
  4631 | D:4      | Noticed CInkIbrahim's ghost (novice OpGl)
  4831 | D:4      | Slain by a gnoll

Vault maps used:
D:1:      moated_graveyard_arrival
D:2:      grunt_qazlal_sundering, uniq_jessica
D:3:      lemuel_coloured_pillars_altar, first_bread, kennysheep_crisscross,
          minivault_25
D:4:      eat_drink_and_be_merry_uskayaw, portal_sewer_entry_a, kennysheep_nub,
          kennysheep_pointless_box, minmay_hollow_rounded_squares
Sewer:    sewer_fruit_machine

Skill      XL: |  1  2  3  4  5  6 |
---------------+-------------------+-----
Ice Magic      | 3 4 5 |  5.2
Spellcasting   | 3 4 |  4.8
Dodging        | |  1.7
Stealth        | |  1.7
Conjurations   | |  1.0
Summonings     | |  0.8

Action                   |  1- 3 |  4- 6 || total
-------------------------+-------+-------++-------
Melee: Unarmed           |    15 |       ||    15
       Dagger            |    10 |       ||    10
       Whip              |    88 |    24 ||   112
       Falchion          |       |    42 ||    42
       Mace              |       |    58 ||    58
 Cast: Freeze            |    30 |    48 ||    78
       Throw Frost       |     3 |    38 ||    41
Evoke: Wand              |       |     4 ||     4
  Use: Scroll            |     6 |     6 ||    12
       Potion            |       |     4 ||     4
 Stab: Sleeping          |     3 |     2 ||     5
       Betrayed ally     |       |     1 ||     1
  Eat: Chunk             |     3 |     5 ||     8
       Meat ration       |       |     1 ||     1
Armor: Robe              |     3 |    24 ||    27
       Leather armour    |    46 |    33 ||    79
Dodge: Dodged            |   131 |   122 ||   253

Vault maps used:
D:1:      moated_graveyard_arrival
D:2:      grunt_qazlal_sundering, uniq_jessica
D:3:      lemuel_coloured_pillars_altar, first_bread, kennysheep_crisscross,
          minivault_25
D:4:      eat_drink_and_be_merry_uskayaw, portal_sewer_entry_a, kennysheep_nub,
          kennysheep_pointless_box, minmay_hollow_rounded_squares
Sewer:    sewer_fruit_machine

Table legend:
 A = Turns spent in this place as a percentage of turns spent in the entire game.
 B = Non-inter-level travel turns spent in this place as a percentage of non-inter-level travel turns spent in the entire game.
 C = Inter-level travel turns spent in this place as a percentage of turns spent in this place.
 D = Turns resting spent in this place as a percentage of non-inter-level travel turns spent in this place.
 E = Turns spent auto-exploring this place as a percentage of non-inter-level travel turns spent in this place.
 F = Non-inter-level travel turns spent in this place divided by the number of levels of this place that you've seen.
                   A       B       C       D       E      F
               +-------+-------+-------+-------+-------+----------------------
         Total | 100.0 | 100.0 |   0.5 |   4.3 |   3.4 | 368.2
       Dungeon |  84.2 |  84.1 |   0.6 |   4.6 |   3.9 | 387.0
         Sewer |  15.8 |  15.9 |   0.0 |   3.1 |   1.0 | 293.0
               +-------+-------+-------+-------+-------+----------------------

Table legend:
 A = Kills in this place as a percentage of kills in entire the game.
 B = Kills by you in this place as a percentage of kills by you in the entire game.
 C = Kills by friends in this place as a percentage of kills by friends in the entire game.
 D = Other kills in this place as a percentage of other kills in the entire game.
 E = Experience gained in this place as a percentage of experience gained in the entire game.
 F = Experience gained in this place divided by the number of levels of this place that you have seen.
                   A       B       C       D       E      F
               +-------+-------+-------+-------+-------+----------------------
         Total | 100.0 | 100.0 | 100.0 |  -nan | 100.0 | 125.0
       Dungeon |  80.3 |  81.6 |  33.3 |  -nan |  88.0 | 137.5
         Sewer |  19.7 |  18.4 |  66.7 |  -nan |  12.0 |  75.0
               +-------+-------+-------+-------+-------+----------------------
